 Dungeon Crawl Stone Soup version 0.31-a0-836-g3ceb0a68c4 (webtiles) character file.

Game seed: 934105473951881094

48 PimpSugar the Magician (level 3, -1/26 HPs)
             Began as a Demonspawn Hedge Wizard on Sept 26, 2023.
             Slain by a quokka (4 damage)
             ... on level 2 of the Dungeon.
             The game lasted 00:02:55 (1546 turns).

PimpSugar the Magician (Demonspawn Hedge Wizard)    Turns: 1546, Time: 00:02:56

Health: -1/26      AC:  2    Str: 10    XL:     3   Next: 50%
Magic:  7/8        EV: 12    Int: 17    God:
Gold:   55         SH:  0    Dex: 12    Spells: 6/9 levels left

rFire   . . .        g - +0 sling
rCold   . . .        (no shield)
rNeg    . . .        b - +0 robe
rPois   .            c - +0 hat
rElec   .            (no cloak)
rCorr   .            (no gloves)
SInv    .            (no boots)
Will    .....        (no amulet)
Stlth   ++           (no ring)
HPRegen 0.24/turn    (no ring)
MPRegen 0.11/turn

%: no passive effects
@: no status effects
A: hooves 1
a: no special abilities


You were on level 2 of the Dungeon.
You visited 1 branch of the dungeon, and saw 2 of its levels.

You collected 55 gold pieces.

Inventory:

Hand Weapons
 a - a +0 dagger
 g - a +0 sling (weapon)
Missiles
 f - 11 stones
Armour
 b - a +0 robe (worn)
 c - a +0 hat (worn)
Scrolls
 e - a scroll of silence
 h - 3 scrolls of identify
Potions
 d - a potion of magic
 i - a potion of brilliance {unknown}


   Skills:
 + Level 1.1 Fighting
 + Level 2.0 Dodging
 - Level 1.7 Stealth
 * Level 3.6 Spellcasting
 + Level 1.7 Conjurations
 + Level 1.1 Summonings
 - Level 0.8 Translocations


You had 6 spell levels left.
You knew the following spells:

 Your Spells              Type           Power      Damage    Failure   Level
a - Magic Dart            Conj           36%        1d4       8%          1
b - Call Imp              Summ           14%        N/A       16%         2

Your spell library contained the following spells:

 Spells                   Type           Power      Damage    Failure   Level
 Slow                     Hex            12%        N/A       16%         1
 Blink                    Tloc           12%        N/A       17%         2
 Cigotuvi's Dreadful Rot  Necr/Pois/Air  6%         N/A       24%         2
 Mephitic Cloud           Conj/Pois/Air  5%         N/A       36%         3


Dungeon Overview and Level Annotations

Branches:
Dungeon (2/15)

Altars:


Innate Abilities, Weirdness & Mutations

You have large cloven feet.


Message History

The sling bullet closely misses the adder.
The adder bites you. x2
You are poisoned.
The adder poisons you!
You shoot a sling bullet. The sling bullet misses the adder.
You feel sick. The adder closely misses you. The adder bites you.
You are more poisoned.
The adder poisons you!
You shoot a sling bullet.
The sling bullet hits the adder but does no damage.
You feel very sick. The adder bites you.
The quokka bites you but does no damage.
You feel sick. The adder bites you.
* * * LOW HITPOINT WARNING * * *
You feel sick.
You feel sick.
You feel sick. The adder completely misses you.
Casting: Call Imp (safe; 16% risk of failure)
Confirm with . or Enter, or press ? or * to list all spells.
A tiny devil pulls itself out of the air.
You feel sick. The adder closely misses you.
You feel sick. The adder attacks as it pursues you!
The adder barely misses you.
Your cerulean imp misses the adder.
You feel sick.
You are no longer poisoned.
The adder completely misses you.
Your cerulean imp closely misses the adder.
The quokka attacks as it pursues you! The quokka bites you.
* * * LOW HITPOINT WARNING * * *
The adder bites your cerulean imp. The quokka barely misses you.
Your cerulean imp hits the adder but does no damage.
The adder misses your cerulean imp.
Your cerulean imp misses the adder.
The quokka attacks as it pursues you!
The quokka bites you but does no damage.
Your cerulean imp hits the adder but does no damage.
Your cerulean imp hits the adder from afar with a -4 spear.
The quokka twitches its whiskers.
The quokka bites you.
You die...

#...# #. #...# #. #...# #.
###### #...# #. #....#
#.).##### #.
#....####...<...# #.
####.......###.....#######.
..........................>
####......@###.......#.....
#......r# #......##.....
#####..S# #.............
#...# #............. #..5#
#.....#######. #...#
#.....# #. #...# #.....# #.
#w..# #.....# . . #...#
#.....#


You could see an adder (ally target), a dart slug, a quokka and a friendly
cerulean imp (summoned).

Vanquished Creatures
  An adder (D:2)
  2 dart slugs
  2 ball pythons
  5 endoplasms (D:1)
  A giant cockroach (D:1)
  A quokka (D:1)
  A bat (D:1)
  2 frilled lizards (D:1)
  7 rats
22 creatures vanquished.

Vanquished Creatures (collateral kills)
  An adder (D:2)
  A hobgoblin (D:2)
  2 bats (D:2)
  2 kobolds (D:1)
6 creatures vanquished.

Grand Total: 28 creatures vanquished

Notes
Turn   | Place    | Note
-------+----------+-------------------------------------------
     0 | D:1      | PimpSugar the Demonspawn Hedge Wizard began the quest for
                  | the Orb.
     0 | D:1      | Reached XP level 1. HP: 13/13 MP: 4/4
   173 | D:1      | Gained mutation: You have large cloven feet. [demonic
                  | ancestry]
   173 | D:1      | Reached XP level 2. HP: 18/20 MP: 3/6
   302 | D:1      | Learned a level 2 spell: Call Imp
  1039 | D:1      | Found a faded altar of an unknown god.
  1271 | D:2      | Reached skill level 1 in Fighting
  1391 | D:2      | Reached XP level 3. HP: 26/26 MP: 1/8
  1546 | D:2      | Slain by a quokka

Illustrated notes

Levels and vault maps discovered:
D:1:      dpeg_arrival_short_road, layout_basic,
          shapermc_ecumenical_altar_mp_vishouse
D:2:      layout_basic, roderic_serpentine_path, uniq_natasha

Skill      XL: |  1  2  3 |
---------------+----------+-----
Fighting       | 1 |  1.1
Dodging        | 2 |  2.0
Stealth        | |  1.7
Spellcasting   | |  3.6
Conjurations   | |  1.7
Summonings     | |  1.1
Translocations | |  0.8

Action                     || total
---------------------------++-------
  Melee: Dagger            ||    11
   Fire: Sling             ||    39
   Cast: Magic Dart        ||    20
         Call Imp          ||     7
    Use: Scroll            ||     1
 Armour: Robe              ||    36
  Dodge: Dodged            ||    33

Table legend: (Time is in decaauts)
 A = Elapsed time spent in this place.
 B = Non-inter-level travel time spent in this place.
 C = Inter-level travel time spent in this place.
 D = Time resting spent in this place.
 E = Time spent auto-exploring this place.
 F = Levels seen in this place.
 G = Mean time per level.
                   A        B        C        D        E       F      G
               +--------+--------+--------+--------+--------+-----+--------+
         Total |   1560 |   1544 |     16 |      0 |   1270 |   2 |  780.0 |
       Dungeon |   1560 |   1544 |     16 |      0 |   1270 |   2 |  780.0 |
               +--------+--------+--------+--------+--------+-----+--------+

Top non-repeatable levels by time:
     D:1: 1155 daAuts
     D:2: 405 daAuts
